 Dungeon Crawl Stone Soup version 0.28-a0-1555-g9ae15a6949 (webtiles) character file.

Game seed: 13115302205552662424

17 Pin the Chopper (level 2, 26/26 HPs)
             Began as a Hill Orc Monk on Jan 19, 2022.
             Was a Believer of Dithmenos.
             Quit the game on level 2 of the Dungeon.
             The game lasted 00:01:20 (1031 turns).

Pin the Chopper (Hill Orc Monk)                     Turns: 1031, Time: 00:01:21

Health: 26/26      AC:  5    Str: 13    XL:     2   Next: 62%
Magic:  2/2        EV: 11    Int: 10    God:    Dithmenos [**....]
Gold:   21         SH:  0    Dex: 13    Spells: 1/1 levels left

rFire   . . .      SeeInvis .   a - +0 hand axe
rCold   . . .      Faith    .   (no shield)
rNeg    . . .      Spirit   .   g - +0 ring mail
rPois   .          Reflect  .   (no helmet)
rElec   .          Harm     .   (no cloak)
rCorr   .          Rampage  .   (no gloves)
Will    .....                   (no boots)
Stlth   +.........              (no amulet)
HPRegen 0.08/turn               (no ring)
MPRegen 0.08/turn               (no ring)

@: wreathed by umbra
A: no striking features
a: Renounce Religion, Shadow Step


You were on level 2 of the Dungeon.
You worshipped Dithmenos.
Dithmenos was pleased with you.
You visited 1 branch of the dungeon, and saw 2 of its levels.

You collected 21 gold pieces.

Inventory:

Hand Weapons
 a - a +0 hand axe (weapon)
Armour
 g - a +0 ring mail (worn)
Scrolls
 e - 2 scrolls of enchant weapon {unknown}
 f - a scroll of teleportation {unknown}
Potions
 c - a potion of curing {unknown}
 d - a potion of heal wounds {unknown}


   Skills:
 - Level 3.6 Fighting
 - Level 4.0 Axes
 + Level 2.4 Armour
 - Level 2.4 Dodging
 - Level 1.5 Stealth


You had one spell level left.
You didn't know any spells.
Your spell library was empty.

Dungeon Overview and Level Annotations

Branches:
Dungeon (2/15)

Altars:
Dithmenos


Message History

No target in view!
No target in view!
No target in view!
No target in view!
No target in view!
No target in view!
No target in view!
No target in view!
No target in view!
No target in view!
No target in view!
There is a stone staircase leading down here.
Done exploring.
Done exploring.
(D) Dungeon
Where to? (? - help)
There is a stone staircase leading down here.
You climb downwards.
There is a stone staircase leading up here.
Found a faded altar of an unknown god.
A bat comes into view.
You miss the bat. The bat hits you but does no damage. x3
You closely miss the bat. The bat hits you but does no damage.
You hit the bat.
You kill the bat!
No target in view!
No target in view!
No target in view!
No target in view!
No target in view!
No target in view!
No target in view!
There is a fountain of clear blue water here.
There is a faded altar of an unknown god here.
You cannot tell which god this altar belongs to.
Convert to them anyway?
Dithmenos accepts your prayer! Dithmenos welcomes you!
You are shrouded in an aura of darkness!
You can now step into the shadows of nearby creatures.
Are you sure you want to abandon this character and quit the game? (Confirm with "yes".)

♣♣♣♣♣♣♣♣
♣♣.8@8..♣♣
♣♣........♣
#♣..♣♣...♣...♣
#.♣ ♣.⌠.♣ ♣.♣
#.# ♣...♣ .#
#.#♣♣♣.♣.♣# #
#.#♣..♣♣..♣
#.#♣.♣♣♣♣.♣
##.#♣.♣ ♣.♣


There were no monsters in sight!

Vanquished Creatures
  A dart slug (D:1)
  2 endoplasms (D:1)
  2 hobgoblins (D:1)
  A ball python (D:1)
  2 bats
  2 frilled lizards (D:1)
  2 goblins (D:1)
  2 kobolds (D:1)
  A rat (D:1)
15 creatures vanquished.

Notes
Turn   | Place    | Note
-------+----------+-------------------------------------------
     0 | D:1      | Pin the Hill Orc Monk began the quest for the Orb.
     0 | D:1      | Reached XP level 1. HP: 19/19 MP: 1/1
   199 | D:1      | Reached skill level 1 in Armour
   225 | D:1      | Reached XP level 2. HP: 25/26 MP: 2/2
  1014 | D:2      | Found a faded altar of an unknown god.
  1030 | D:2      | Prayed at the altar of an unknown god.
  1030 | D:2      | Became a worshipper of Dithmenos the Shadowed
  1030 | D:2      | Reached * piety under Dithmenos
  1030 | D:2      | Reached ** piety under Dithmenos
  1031 | D:2      | Quit the game

Illustrated notes

Levels and vault maps discovered:
D:1:      dpeg_arrival_simpleton_a, layout_loops_cross, item_on_display_a
D:2:      layout_basic, shapermc_ecumenical_altar_totnotflames, minmay_tall_x,
          uniq_natasha

Skill      XL: |  1  2 |
---------------+-------+-----
Armour         | 1 2 |  2.4
Fighting       | |  3.6
Axes           | |  4.0
Dodging        | |  2.4
Stealth        | |  1.5

Action                   || total
-------------------------++-------
Melee: Hand axe          ||    49
       Punch             ||     3
 Stab: Sleeping          ||     1
Armor: Robe              ||     5
       Ring mail         ||     7
Dodge: Dodged            ||    25

Table legend: (Time is in decaauts)
 A = Elapsed time spent in this place.
 B = Non-inter-level travel time spent in this place.
 C = Inter-level travel time spent in this place.
 D = Time resting spent in this place.
 E = Time spent auto-exploring this place.
 F = Levels seen in this place.
 G = Mean time per level.
                   A        B        C        D        E       F      G
               +--------+--------+--------+--------+--------+-----+--------+
         Total |   1035 |   1013 |     22 |      0 |    854 |   2 |  517.5 |
       Dungeon |   1035 |   1013 |     22 |      0 |    854 |   2 |  517.5 |
               +--------+--------+--------+--------+--------+-----+--------+

Top non-repeatable levels by time:
     D:1: 1010 daAuts
     D:2: 25 daAuts
